Map: Rhoskallian LE

Players

Liste

  • Race: Terran Terran
  • League: Platinum
  • Spawn Location: 6:00

Hush

  • Race: Zerg Zerg
  • League: Diamond
  • Spawn Location: 5:00

Massa - Winner!

  • Race: Terran Terran
  • League: Gold
  • Spawn Location: 12:00

qqq - Winner!

  • Race: Protoss Protoss
  • League: Platinum
  • Spawn Location: 11:00

VOD

Have the link to the VOD?

Description

Time

  • Played on: July 29, 2020, 11:56 a.m.
  • Length: 11:32
Show
View Real Time Build Order
Export as new Build Order

Liste Terran 

Build Orders: Mech 

Get SALT Encoding   

  12  0:00  SCV  
  13  0:12  SCV  
  14  0:22  Supply Depot  
  14  0:24  SCV  
  15  0:44  SCV  
  15  0:45  Barracks  
  16  0:56  SCV  
  17  1:08  SCV  
  18  1:20  SCV  
  19  1:30  Command Center  
  19  1:32  Orbital Command  
  19  2:03  SCV  
  19  2:07  Refinery  
  20  2:10  Command Center  
  20  2:11  Refinery  
  20  2:18  SCV  
  21  2:30  SCV  
  21  2:31  Supply Depot  
  21  2:39  Marine  
  21  2:42  SCV  
  22  2:56  SCV  
  22  2:57  Marine  
  24  3:01  Refinery  
  23  3:08  SCV  
  24  3:15  Marine  
  25  3:20  SCV  
  25  3:21  Orbital Command  
  26  3:33  SCV, Marine  
  28  3:45  SCV  
  29  3:49  Refinery  
  29  3:51  Marine  
  30  3:57  SCV  
  31  4:03  Factory  
  31  4:07  Factory  
  31  4:08  Marine  
  31  4:09  SCV  
  33  4:14  SCV  
  34  4:21  SCV  
  35  4:26  SCV, Marine  
  37  4:33  SCV  
  38  4:38  SCV  
  38  4:44  Marine  
  38  4:45  SCV  
  39  4:50  SCV  
  40  4:57  SCV  
  40  5:02  SCV, Marine  
  42  5:09  SCV  
  43  5:14  Factory Tech Lab, SCV, Supply Depot  
  43  5:15  Factory Tech Lab  
  44  5:21  SCV  
  44  5:27  SCV  
  45  5:34  SCV  
  46  5:39  SCV  
  47  5:46  SCV  
  47  5:47  Supply Depot, Siege Tank x2  
  47  5:48  Command Center  
  54  5:53  Armory  
  54  5:56  Armory  
  54  6:00  Refinery  
  54  6:01  Engineering Bay  
  54  6:07  Refinery  
  54  6:09  SCV x2  
  55  6:21  SCV x2  
  55  6:23  Widow Mine  
  55  6:25  Widow Mine  
  57  6:56  Thor  
  57  6:59  Thor  
  65  7:05  Supply Depot  
  65  7:07  Supply Depot  
  65  7:10  Supply Depot  
  65  7:13  Supply Depot  
  65  7:14  Terran Vehicle Weapons Level 1  
  65  7:15  Supply Depot  
  65  7:16  Terran Vehicle And Ship Armor Level 1  
  62  7:43  Factory  
  61  7:46  Orbital Command  
  61  8:03  Thor  
  61  8:04  Thor  
  73  8:14  Missile Turret  
  73  8:27  Factory Tech Lab  
  73  8:50  Missile Turret  
  73  9:08  Thor x3  
  90  9:10  Missile Turret  
  90  9:21  SCV x2  
  92  9:25  SCV  
  93  9:33  SCV x2  
  93  9:37  SCV  
  96  9:45  SCV x2  
  98  9:49  SCV  
  98  9:51  Thor x3  
  117  10:05  Supply Depot  
  117  10:08  Supply Depot  
  117  10:09  Supply Depot  
  117  10:12  Supply Depot  
  117  10:15  SCV  
  117  10:16  SCV  
  117  10:28  SCV x2  
  113  10:34  Thor x3  
  113  11:11  Command Center  
Show
View Real Time Build Order
Export as new Build Order

Hush Zerg 

Build Orders: Hatch First 

Get SALT Encoding   

  12  0:05  Drone  
  13  0:12  Overlord  
  13  0:23  Drone  
  14  0:30  Drone x2  
  16  0:41  Drone  
  17  0:57  Hatchery  
  16  1:00  Drone  
  16  1:02  Extractor  
  16  1:05  Drone  
  17  1:17  Spawning Pool  
  16  1:21  Drone  
  17  1:26  Drone  
  18  1:33  Drone  
  19  1:43  Drone  
  20  1:54  Overlord  
  20  2:09  Metabolic Boost, Queen  
  20  2:10  Queen  
  20  2:12  Zergling x2  
  25  2:19  Drone  
  25  2:20  Drone  
  27  2:39  Drone x4  
  27  2:43  Zergling x2  
  31  2:53  Zergling x2  
  32  3:18  Overlord x2  
  32  3:19  Overlord  
  32  3:23  Drone x3  
  35  3:32  Hatchery  
  34  3:50  Zergling x6  
  34  3:51  Zergling x6  
  40  3:55  Lair  
  40  3:58  Drone  
  40  3:59  Drone  
  42  4:15  Drone x2  
  42  4:16  Drone  
  45  4:29  Drone x5  
  50  4:32  Extractor  
  50  4:34  Extractor  
  48  4:47  Baneling Nest  
  48  4:52  Drone x3  
  50  4:53  Drone x3, Roach Warren  
  50  4:58  Infestation Pit  
  50  4:59  Queen  
  53  5:01  Zergling x8  
  57  5:11  Drone  
  57  5:12  Drone x4  
  62  5:18  Extractor  
  61  5:22  Drone  
  61  5:23  Nydus Network  
  61  5:31  Baneling  
  61  5:32  Baneling x5  
  61  5:39  Drone  
  61  5:40  Overlord x3  
  61  5:41  Drone x4  
  66  5:53  Overseer  
  66  5:57  Swarm Host x2  
  66  6:03  Extractor  
  71  6:05  Zergling x2  
  71  6:06  Zergling x14  
  71  6:09  Spore Crawler  
  78  6:12  Spore Crawler  
  78  6:16  Spore Crawler  
  76  6:19  Hydralisk Den  
  72  6:30  Nydus Canal  
  67  6:33  Roach x2  
  67  6:34  Roach x7  
  67  6:37  Overlord x2  
  85  6:45  Spore Crawler  
  85  6:46  Spore Crawler  
  68  7:18  Queen x3  
  68  7:21  Overlord x2  
  68  7:22  Overlord x2  
  73  7:24  Grooved Spines  
  73  7:28  Evolution Chamber  
  72  7:30  Evolution Chamber  
  71  7:38  Drone x2  
  73  7:47  Hydralisk  
  73  7:48  Hydralisk x5  
  73  7:50  Spore Crawler  
  80  8:08  Zerg Missile Weapons Level 1, Zerg Ground Armor Level 1  
  80  8:09  Hydralisk x2  
  84  8:22  Nydus Canal  
  84  8:31  Roach  
  84  8:32  Hydralisk x4  
  66  9:03  Hydralisk x7  
  72  9:12  Drone  
  72  9:13  Drone x4  
  77  9:18  Hydralisk x3  
  77  9:19  Hydralisk x5  
  93  9:29  Muscular Augments  
  93  9:34  Drone  
  93  9:35  Drone x4  
  93  9:37  Overlord x2  
  98  9:52  Overlord x5  
  98  10:08  Drone  
  98  10:09  Drone x4  
  103  10:25  Drone x7  
  103  10:26  Drone x4  
  114  10:38  Hydralisk x4  
  122  10:51  Hydralisk x4  
  88  11:16  Extractor  
Show
View Real Time Build Order
Export as new Build Order

Massa Terran - Winner!

Build Orders:  

Get SALT Encoding   

  12  0:01  SCV  
  13  0:13  SCV  
  14  0:25  SCV, Supply Depot  
  15  0:31  Refinery  
  15  0:46  SCV  
  15  0:48  Barracks  
  16  0:59  SCV  
  16  1:03  Supply Depot  
  17  1:11  SCV  
  18  1:23  SCV, Barracks  
  19  1:35  SCV  
  20  1:43  Reaper  
  21  1:47  Orbital Command  
  21  2:09  Factory  
  21  2:13  Barracks Tech Lab  
  21  2:19  SCV  
  21  2:22  Marine  
  23  2:31  SCV  
  24  2:40  Marine  
  25  3:20  Factory Reactor  
  25  3:22  Stimpack  
  25  3:27  Command Center  
  25  3:32  SCV  
  26  3:38  Engineering Bay  
  26  3:40  Supply Depot  
  26  3:44  SCV  
  27  3:54  Marine  
  30  3:56  SCV, Marauder  
  30  4:02  Widow Mine x2  
  35  4:06  Refinery  
  35  4:08  SCV  
  36  4:12  Marine  
  39  4:17  Marauder, Supply Depot  
  39  4:18  Supply Depot  
  39  4:38  SCV, Marine  
  39  4:39  Widow Mine x2  
  44  4:49  Marauder  
  44  4:50  SCV  
  44  4:52  SCV  
  48  4:56  Marine  
  49  5:00  Hellion x2  
  49  5:02  SCV  
  54  5:10  Marauder  
  54  5:11  Terran Infantry Weapons Level 1  
  56  5:16  Command Center  
  60  5:21  Refinery, Hellion x2  
  60  5:29  Orbital Command  
  60  5:44  Hellion x2  
  60  5:45  Marauder  
  60  5:46  Marine  
  60  5:49  SCV  
  68  5:59  Starport  
  68  6:01  SCV  
  68  6:02  Missile Turret  
  69  6:04  Marine  
  70  6:13  Supply Depot  
  70  6:17  Supply Depot  
  70  6:27  Widow Mine x2, SCV x2, Marauder, Marine  
  79  6:39  SCV x2  
  81  6:45  Marine  
  82  6:49  Barracks  
  82  6:51  SCV  
  75  7:28  Refinery  
  75  7:41  SCV x2  
  75  7:42  Supply Depot  
  75  7:44  Planetary Fortress  
  77  7:53  SCV x2  
  79  7:59  Missile Turret  
  79  8:05  SCV x2, Supply Depot  
  81  8:06  Sensor Tower  
  81  8:12  Missile Turret  
  81  8:17  SCV x2, Marauder, Marine  
  81  8:18  Missile Turret  
  86  8:23  Widow Mine  
  86  8:25  Combat Shield  
  88  8:28  Supply Depot  
  88  8:29  SCV x2, Barracks  
  88  8:34  Refinery  
  90  8:38  Marauder  
  90  8:40  Missile Turret  
  92  8:41  SCV  
  92  8:42  SCV  
  94  8:51  Supply Depot  
  94  8:53  SCV  
  94  8:54  SCV  
  96  8:59  Marauder  
  94  9:21  Marauder  
  96  9:27  Barracks Tech Lab  
  96  9:30  Barracks Reactor, SCV x2  
  98  9:31  SCV  
  99  9:42  SCV, Marauder  
  99  9:43  SCV x2, Concussive Shells  
  104  9:47  Command Center  
  104  9:50  Armory  
  104  9:53  Engineering Bay  
  104  9:54  Starport Reactor  
  104  10:03  Supply Depot  
  104  10:04  Marauder  
  106  10:08  Marine x2  
  106  10:12  Barracks Tech Lab, Marauder  
  110  10:17  Widow Mine  
  110  10:18  Widow Mine  
  114  10:25  Marauder  
  114  10:26  Marine x2  
  114  10:27  Supply Depot  
  118  10:33  SCV  
  118  10:34  SCV x2, Marauder  
  123  10:39  Widow Mine x2  
  123  10:42  Refinery  
  127  10:43  Refinery  
  127  10:44  Marine x2  
  127  10:45  SCV  
  127  10:46  SCV x2, Marauder, Supply Depot  
  134  10:50  Supply Depot  
  134  10:55  Marauder  
  136  10:57  SCV  
  136  10:58  SCV x2  
  136  11:01  Marine  
  136  11:02  Marine  
  137  11:08  Marauder  
  137  11:10  SCV x3  
  129  11:11  Supply Depot  
  129  11:12  Supply Depot  
Show
View Real Time Build Order
Export as new Build Order

qqq Protoss - Winner!

Build Orders: 1 Gate Expand, Phoenix Opening, Carriers, Mass Phoenix 

Get SALT Encoding   

  12  0:05  Probe  
  13  0:17  Probe  
  14  0:23  Pylon  
  14  0:29  Probe  
  14  0:34  Pylon  
  15  0:41  Probe  
  16  0:53  Probe  
  16  0:54  Gateway  
  17  1:05  Probe  
  18  1:17  Probe  
  19  1:29  Probe  
  20  1:37  Nexus  
  19  1:57  Assimilator  
  19  2:02  Cybernetics Core  
  19  2:03  Probe  
  19  2:06  Assimilator  
  20  2:15  Probe  
  21  2:27  Probe  
  22  2:33  Forge  
  22  2:39  Probe  
  23  2:48  Probe  
  24  2:51  Probe  
  25  3:00  Stargate  
  25  3:01  Probe  
  25  3:03  Probe  
  27  3:05  Pylon  
  27  3:13  Probe  
  27  3:15  Probe  
  29  3:25  Probe, Photon Cannon  
  30  3:28  Probe  
  31  3:37  Probe  
  31  3:40  Probe, Stargate  
  33  3:49  Probe  
  33  3:54  Phoenix  
  36  3:59  Assimilator  
  36  4:01  Probe  
  37  4:02  Assimilator  
  37  4:03  Probe  
  38  4:13  Probe  
  38  4:16  Probe  
  40  4:19  Phoenix  
  42  4:25  Probe  
  42  4:28  Probe  
  44  4:36  Phoenix  
  44  4:37  Probe  
  47  4:40  Probe  
  47  4:44  Phoenix  
  50  4:47  Protoss Air Weapons Level 1 (Chrono Boost)  
  50  4:49  Probe  
  50  4:50  Photon Cannon  
  50  4:52  Probe  
  52  5:00  Phoenix  
  54  5:07  Pylon  
  54  5:13  Pylon  
  54  5:14  Nexus  
  54  5:15  Pylon  
  54  5:17  Phoenix  
  54  5:21  Phoenix  
  54  5:25  Probe  
  59  5:33  Pylon  
  59  5:37  Photon Cannon  
  59  5:42  Phoenix  
  61  5:47  Phoenix  
  63  5:55  Fleet Beacon  
  63  6:07  Phoenix  
  65  6:13  Phoenix  
  67  6:32  Phoenix  
  69  7:04  Carrier  
  69  7:05  Carrier  
  81  7:28  Probe  
  82  7:31  Assimilator  
  82  7:35  Assimilator  
  82  7:37  Photon Cannon  
  82  7:39  Photon Cannon  
  82  7:41  Probe  
  82  7:43  Photon Cannon  
  83  7:46  Pylon, Shield Battery  
  83  7:50  Pylon  
  81  7:52  Photon Cannon  
  81  7:53  Probe  
  78  8:05  Probe  
  79  8:09  Carrier x2  
  91  8:17  Probe  
  92  8:20  Nexus  
  92  8:22  Pylon  
  92  8:29  Probe  
  93  8:41  Probe  
  94  8:53  Probe  
  95  9:05  Probe  
  96  9:12  Tempest  
  96  9:13  Carrier  
  107  9:18  Mothership  
  107  9:19  Anion Pulse-Crystals  
  115  9:28  Probe  
  116  9:31  Photon Cannon  
  116  9:33  Probe  
  116  9:34  Photon Cannon  
  117  9:40  Probe  
  118  9:45  Probe  
  118  9:48  Zealot  
  121  9:52  Probe  
  121  9:58  Probe  
  123  10:00  Pylon  
  123  10:03  Carrier  
  123  10:05  Probe  
  130  10:10  Probe  
  131  10:17  Probe  
  131  10:19  Carrier, Zealot  
  140  10:24  Pylon  
  140  10:28  Probe  
  139  10:36  Pylon  
  139  10:37  Probe  
  139  10:39  Pylon  
  139  10:41  Probe  
  140  10:44  Pylon  
  140  10:51  Pylon  
  140  10:54  Probe x2  
  140  10:56  Pylon, Stargate  
  142  11:01  Pylon  
  136  11:06  Probe  
Tags
 
Add a new tag
Caveats
  • Supply blocks, unpowered buildings, or Contaminate may cause inaccurate times.
  • Supply counts are checked every 10 seconds.